[Event "Titled Tuesday Blitz March 07 Late 2023"]
[White "Kho, Darrell"]
[Black "Becerra, Juan David"]
[WhiteFideId "1019317"]
[BlackFideId "4404998"]
[WhiteElo "2167"]
[BlackElo "2282"]
[Result "0-1"]
[Round "04"]
[TimeControl "180+2"]
[Date "2023.03.07"]
[WhiteClock "0:00:01"]
[BlackClock "0:00:04"]

1. e4 c5 2. Nf3 d6 3. d4 cxd4 4. Qxd4 Nc6 5. Qe3 g6 6. Be2 Bh6 7. Qc3 Qa5 8. Bxh6 Nxh6 9. Qxa5 Nxa5 10. Nc3 Be6 11. Nd5 Bxd5 12. exd5 Rc8 13. Bb5+ Kf8 14. O-O-O Nc4 15. Rhe1 a6 16. Ba4 b5 17. Bb3 Nf5 18. g4 Ng7 19. Bxc4 Rxc4 20. Rd4 Rc5 21. b4 Rc7 22. Rde4 h5 23. h3 hxg4 24. hxg4 e5 25. dxe6 Nxe6 26. Nd4 Nxd4 27. Rxd4 Rh2 28. Re2 Rg2 29. Rxd6 Rxg4 30. Rxa6 Rxb4 31. Ra8+ Kg7 32. Rb8 Rc5 33. a3 Rf4 34. Kd1 g5 35. Ke1 g4 36. Rd8 Rfc4 37. Rdd2 Kg6 38. Kf1 f5 39. Kg2 Kg5 40. f3 gxf3+ 41. Kxf3 Rc3+ 42. Re3 Rxc2 43. Rxc2 Rxc2 44. Rb3 Rc5 45. Kg3 Kf6 46. Kf3 Ke5 47. Ke3 Kd5 48. Kf4 Kc6 49. Rd3 Kb6 50. Re3 Ka5 51. Rd3 Ka4 52. Re3 Rd5 53. Rc3 Rd1 54. Rh3 Rf1+ 55. Ke5 f4 56. Ke4 f3 57. Ke3 Ra1 0-1


[Site "https://www.chess.com"]

[Event "Titled Tuesday Blitz March 07 Late 2023"]
[White "Cueto, Jonny"]
[Black "Pasti, Aron"]
[WhiteFideId "3300145"]
[BlackFideId "785857"]
[WhiteElo "2234"]
[BlackElo "2173"]
[Result "1-0"]
[Round "04"]
[TimeControl "180+2"]
[Date "2023.03.07"]
[WhiteClock "0:00:07"]
[BlackClock "0:00:07"]

1. d4 d5 2. c4 e6 3. Nf3 Nf6 4. g3 dxc4 5. Bg2 c6 6. a4 a6 7. Nbd2 Bb4 8. O-O b5 9. axb5 cxb5 10. Ne5 Nd5 11. b3 c3 12. Ne4 Bb7 13. Ba3 Bxa3 14. Rxa3 Nd7 15. Nd6+ Ke7 16. Nxb7 Qc7 17. Nxd7 Qxd7 18. Nc5 Qd6 19. b4 a5 20. Bxd5 Qxd5 21. Rxa5 Rxa5 22. bxa5 Ra8 23. a6 b4 24. e3 Qc4 25. Qa4 Ra7 26. Rb1 c2 27. Rc1 Rxa6 28. Qxa6 Qxa6 29. Nxa6 b3 30. Kg2 b2 31. Rxc2 b1=Q 32. Rc7+ Kd6 33. Rxf7 Qb5 34. Nc5 Qc6+ 35. Kg1 e5 36. Rd7+ Qxd7 37. Nxd7 Kxd7 38. dxe5 Ke6 39. f4 Kf5 40. Kf2 h5 41. Kf3 g6 42. h4 Ke6 43. Ke4 Ke7 44. Kd5 Kd7 45. e4 Ke7 46. f5 gxf5 47. exf5 1-0


[Site "https://www.chess.com"]

[Event "Titled Tuesday Blitz March 07 Late 2023"]
[White "Ardila, Oscar Humberto"]
[Black "Pino Perez, Lazaro"]
[WhiteFideId "4404742"]
[BlackFideId "3517055"]
[WhiteElo "1911"]
[BlackElo "2170"]
[Result "1-0"]
[Round "04"]
[TimeControl "180+2"]
[Date "2023.03.07"]
[WhiteClock "0:00:35"]
[BlackClock "0:00:17"]

1. d4 d5 2. c4 e6 3. Nc3 Nf6 4. Bg5 Be7 5. Nf3 h6 6. Bh4 O-O 7. e3 Nbd7 8. Qc2 a6 9. cxd5 exd5 10. Bd3 Re8 11. O-O c6 12. a3 a5 13. Rab1 Ne4 14. Bxe7 Qxe7 15. Bxe4 dxe4 16. Nd2 Nf6 17. Nc4 Be6 18. Ne5 Bd5 19. Nxd5 cxd5 20. Qb3 Rad8 21. Rbc1 Nh7 22. Qb6 f6 23. Rc7 Qe6 24. Qxb7 fxe5 25. Rxg7+ Kf8 26. Rxh7 Re7 27. Rxe7 Qxe7 28. Qa6 Kg7 29. Qxa5 exd4 30. exd4 Rd6 31. Qd2 Rf6 32. Qe3 Rg6 33. f3 Qe6 34. fxe4 Qg4 35. Qf3 Qxf3 36. Rxf3 dxe4 37. Re3 Re6 38. d5 Re5 39. Kf2 Kf6 40. d6 Ke6 41. Rh3 Kxd6 42. Rxh6+ Kd5 43. Ke3 Rg5 44. g3 Kc4 45. Kxe4 1-0


[Site "https://www.chess.com"]

[Event "Titled Tuesday Blitz March 07 Late 2023"]
[White "Sabar, Ethmane Daouda"]
[Black "sissahungrychess"]
[WhiteFideId "19600097"]
[WhiteElo "1950"]
[BlackElo "2376"]
[Result "0-1"]
[Round "04"]
[TimeControl "180+2"]
[Date "2023.03.07"]
[WhiteClock "0:00:37"]
[BlackClock "0:00:19"]

1. b3 e5 2. Bb2 Nc6 3. e3 Nf6 4. Bb5 Bd6 5. Nf3 e4 6. Nd4 O-O 7. O-O Nxd4 8. Bxd4 c6 9. Be2 Bc7 10. c4 d5 11. cxd5 Nxd5 12. d3 Qd6 13. g3 Bh3 14. Re1 Bf5 15. dxe4 Bxe4 16. Bf3 Bxf3 17. Qxf3 Nb4 18. Na3 Nd3 19. Red1 Ne5 20. Qh5 Qxa3 21. Bxe5 Qc5 22. f4 Qxe3+ 23. Kg2 Bxe5 24. Qxe5 Qxe5 25. fxe5 Rad8 26. Kf3 Rfe8 27. Kf4 Kf8 28. Rd6 Rxd6 29. exd6 Rd8 30. Ke5 Re8+ 31. Kf5 Re6 32. Rd1 Ke8 33. d7+ Kd8 34. Rd4 h6 35. Ra4 a6 36. Rb4 b5 37. a4 Kxd7 38. axb5 axb5 39. Rd4+ Rd6 40. Re4 Rd5+ 41. Kf4 c5 42. Kf3 Rd6 43. Rg4 g5 44. Ke3 Ke6 45. Re4+ Kf5 46. g4+ Kf6 47. Kf2 Re6 48. Ke3 Rxe4+ 49. Kxe4 Ke6 50. h3 f6 51. b4 cxb4 52. Kd4 f5 53. gxf5+ Kxf5 0-1


[Site "https://www.chess.com"]

[Event "Titled Tuesday Blitz March 07 Late 2023"]
[White "Bongo Akanga Ndjila, Barthelemy"]
[Black "Rego, Pedro Filipe"]
[WhiteFideId "10609431"]
[BlackFideId "1904310"]
[WhiteElo "1768"]
[BlackElo "2193"]
[Result "0-1"]
[Round "04"]
[TimeControl "180+2"]
[Date "2023.03.07"]
[WhiteClock "0:00:02"]
[BlackClock "0:00:17"]

1. d4 e6 2. c4 Bb4+ 3. Bd2 c5 4. a3 Bxd2+ 5. Qxd2 cxd4 6. Nf3 Nc6 7. Nxd4 Nf6 8. Nc3 O-O 9. e4 d5 10. Nxc6 bxc6 11. e5 Nd7 12. f4 Nc5 13. Qc2 f5 14. Rd1 Qe7 15. Be2 a5 16. O-O Kh8 17. Kh1 Rg8 18. Na4 Ba6 19. cxd5 Bxe2 20. d6 Bxd1 21. Rxd1 Qh4 22. Nxc5 Qxf4 23. Qc3 Qh6 24. d7 f4 25. h3 Rgf8 26. Rd6 f3 27. Kg1 Qg5 28. Qd2 Qxe5 0-1


[Site "https://www.chess.com"]

[Event "Titled Tuesday Blitz March 07 Late 2023"]
[White "Einarsson, Halldor Gretar"]
[Black "Winkels, Marcel"]
[WhiteFideId "2300150"]
[BlackFideId "1003887"]
[WhiteElo "2142"]
[BlackElo "1900"]
[Result "1-0"]
[Round "04"]
[TimeControl "180+2"]
[Date "2023.03.07"]
[WhiteClock "0:00:14"]
[BlackClock "0:00:01"]

1. d4 Nf6 2. c4 g6 3. f3 d5 4. cxd5 Nxd5 5. e4 Nb6 6. Nc3 Nc6 7. Be3 Bg7 8. d5 Ne5 9. Bd4 O-O 10. f4 Ng4 11. Bxg7 Kxg7 12. Qd4+ f6 13. h3 e5 14. Qd2 Nh6 15. fxe5 fxe5 16. O-O-O Qf6 17. Nf3 Nf7 18. Nb5 Qe7 19. Qc3 Nd6 20. Qxe5+ Qxe5 21. Nxe5 Nxe4 22. Nxc7 Rb8 23. Nd3 Bd7 24. Re1 Ng3 25. Rg1 Bf5 26. Kd2 Nc4+ 27. Kc3 b5 28. Kd4 Nxf1 29. Rgxf1 Bxd3 30. Ne6+ Kg8 31. Rxf8+ Rxf8 32. Nxf8 Bf5 33. Ne6 Nd6 34. g4 Bxe6 35. Rxe6 Nc4 36. d6 Kf7 37. Re7+ Kf8 38. Kd5 Nb6+ 39. Ke6 1-0


[Site "https://www.chess.com"]

[Event "Titled Tuesday Blitz March 07 Late 2023"]
[White "Michalski, Olaf"]
[Black "Botez, Alexandra"]
[WhiteFideId "1106740"]
[BlackFideId "2603365"]
[WhiteElo "2173"]
[BlackElo "2059"]
[Result "0-1"]
[Round "04"]
[TimeControl "180+2"]
[Date "2023.03.07"]
[WhiteClock "0:00:19"]
[BlackClock "0:01:41"]

1. d4 Nf6 2. Nf3 d5 3. c4 dxc4 4. e3 Bf5 5. Bxc4 e6 6. O-O Bd6 7. Qb3 Be4 8. Nbd2 Bc6 9. Ne5 Bxe5 10. dxe5 Ng4 11. f4 Qh4 12. h3 Qg3 13. e4 Qh2# 0-1


[Site "https://www.chess.com"]

[Event "Titled Tuesday Blitz March 07 Late 2023"]
[White "Abrosimov, Vladimir"]
[Black "Marcolino, Daniel Mattos"]
[WhiteFideId "4166892"]
[BlackFideId "2106841"]
[WhiteElo "2336"]
[BlackElo "2111"]
[Result "1-0"]
[Round "04"]
[TimeControl "180+2"]
[Date "2023.03.07"]
[WhiteClock "0:00:24"]
[BlackClock "0:00:12"]

1. c4 e6 2. Nc3 d5 3. d4 a6 4. cxd5 exd5 5. Nf3 Nf6 6. Bg5 Be6 7. e3 Nbd7 8. Bd3 Bd6 9. Qc2 c6 10. O-O Qc7 11. h3 O-O 12. Rab1 a5 13. a3 b5 14. Rbc1 Rfc8 15. Qe2 Qb6 16. Bf4 Qb8 17. Bxd6 Qxd6 18. Bb1 Nb6 19. Ne5 Nc4 20. f4 g6 21. Rf3 Nh5 22. g4 Ng7 23. f5 Bd7 24. fxg6 fxg6 25. Nf7 Qe7 26. Rcf1 Rf8 27. e4 Be6 28. exd5 Bxd5 29. Qxe7 Bxf3 30. Rxf3 1-0


[Site "https://www.chess.com"]

[Event "Titled Tuesday Blitz March 07 Late 2023"]
[White "Ramirez, Maria Eugenia"]
[Black "Smith, Garrett L"]
[WhiteFideId "3301680"]
[BlackFideId "2024829"]
[WhiteElo "1842"]
[BlackElo "2267"]
[Result "1-0"]
[Round "04"]
[TimeControl "180+2"]
[Date "2023.03.07"]
[WhiteClock "0:00:04"]
[BlackClock "0:00:01"]

1. e4 c5 2. c3 d5 3. exd5 Qxd5 4. Nf3 Nc6 5. Na3 Bf5 6. Nb5 O-O-O 7. d4 cxd4 8. cxd4 e5 9. Be3 exd4 10. Nfxd4 Bb4+ 11. Ke2 Qc4+ 12. Kf3 Qd5+ 13. Kg3 Bd6+ 14. f4 Nf6 15. Nxf5 Ne4+ 16. Kf3 Qxf5 17. g4 Qe6 18. Rc1 Kb8 19. Qc2 Rhe8 20. Bc4 Qe7 21. Nxd6 Nxd6 22. Rhe1 Qh4 23. Qg2 Qf6 24. Bd5 Nd4+ 25. Kg3 h5 26. g5 N4f5+ 27. Kh3 Qg6 28. Bc5 b6 29. Bxd6+ Nxd6 30. Bc6 Qf5+ 31. Kg3 h4+ 32. Kf3 Nb5 33. Rxe8 Rxe8 34. Bxe8 Nd4+ 35. Ke3 Qe6+ 36. Qe4 1-0


[Site "https://www.chess.com"]

[Event "Titled Tuesday Blitz March 07 Late 2023"]
[White "Curtis, John"]
[Black "Schut, Han"]
[WhiteFideId "3200256"]
[BlackFideId "1005561"]
[WhiteElo "2203"]
[BlackElo "2024"]
[Result "0-1"]
[Round "04"]
[TimeControl "180+2"]
[Date "2023.03.07"]
[WhiteClock "0:00:03"]
[BlackClock "0:00:22"]

1. d4 Nf6 2. c4 g6 3. Nc3 d5 4. cxd5 Nxd5 5. e4 Nxc3 6. bxc3 c5 7. Be3 Qa5 8. Qd2 Bg7 9. Rd1 Nc6 10. Nf3 Bg4 11. Be2 Rd8 12. O-O Bxf3 13. gxf3 cxd4 14. cxd4 Qxd2 15. Rxd2 Nxd4 16. Bxd4 Bxd4 17. Rfd1 e5 18. Bc4 Ke7 19. f4 f6 20. Bd5 b6 21. fxe5 fxe5 22. Rc1 Rd7 23. Rc6 Rf8 24. Kg2 Rf6 25. Rxf6 Kxf6 26. f4 Bc5 27. fxe5+ Kxe5 28. Rd3 Rd6 29. Rh3 h5 30. Rg3 Rf6 31. Rg5+ Kf4 32. h4 Ke3 33. e5 Rf2+ 34. Kh3 Rd2 35. Bb3 Kf4 36. Rxg6 Rd3+ 37. Kg2 Kxe5 38. Rg5+ Kf4 39. Rxh5 Rd2+ 40. Kf1 Rh2 41. Rh7 a5 42. h5 Kf3 43. Rf7+ Kg4 44. Bd1+ Kg5 45. a4 Rh4 46. Rg7+ Kf6 47. Rg6+ Kf7 48. Bb3+ Ke7 49. h6 Bd4 0-1


[Site "https://www.chess.com"]

[Event "Titled Tuesday Blitz March 07 Late 2023"]
[White "Kohler, Aran"]
[Black "Jesusesmifuerza"]
[WhiteFideId "1002856"]
[WhiteElo "2242"]
[BlackElo "2045"]
[Result "0-1"]
[Round "04"]
[TimeControl "180+2"]
[Date "2023.03.07"]
[WhiteClock "0:00:04"]
[BlackClock "0:00:03"]

1. Nf3 d5 2. d4 e6 3. Bf4 Bd6 4. Bg3 Nf6 5. e3 O-O 6. Nbd2 b6 7. Bd3 Bb7 8. Ne5 Ne4 9. f4 f6 10. Nef3 c5 11. c3 Nd7 12. Rc1 Rc8 13. O-O Qe7 14. Bh4 Qe8 15. Bb1 cxd4 16. exd4 f5 17. Ne5 Nxe5 18. fxe5 Be7 19. Bxe7 Qxe7 20. Nf3 Ba6 21. Bd3 Bxd3 22. Qxd3 Rc7 23. Nd2 Nxd2 24. Qxd2 b5 25. Qe2 a6 26. a3 Rb8 27. Rf2 a5 28. Rcf1 b4 29. cxb4 axb4 30. a4 b3 31. g4 g6 32. gxf5 exf5 33. Qa6 Ra7 34. Qc6 Qd7 35. Qf6 Qf7 36. Qd6 Qc7 37. Qxd5+ Kg7 38. Ra1 Rd8 39. Qxb3 Rxd4 40. Qe3 Re4 41. Qd2 Rxe5 42. b3 Qc5 43. Kf1 Rae7 44. Rd1 Qe3 45. Kg2 Qxd2 46. Rfxd2 Re3 47. Re2 Rxe2+ 48. Kf3 R2e3+ 49. Kf2 Rxb3 50. Ra1 Rb4 51. a5 Ra7 52. a6 Rb6 53. Kg3 Rbxa6 54. Rd1 Re7 55. Kf4 Rae6 56. Rd5 Re4+ 57. Kg3 Re3+ 58. Kg2 Re2+ 59. Kg3 R7e3+ 60. Kf4 Re4+ 61. Kg3 R2e3+ 62. Kg2 Re7 63. Kf2 R3e6 64. Kf3 Kf6 65. Rd4 g5 66. Kf2 g4 67. Kg3 Kg5 68. Kg2 h5 69. Rd2 Re2+ 70. Kg3 Rxd2 71. h4+ gxh3 0-1


[Site "https://www.chess.com"]

[Event "Titled Tuesday Blitz March 07 Late 2023"]
[White "olga-belka"]
[Black "Manu_ChessExcelsior"]
[WhiteElo "2221"]
[BlackElo "1978"]
[Result "1-0"]
[Round "04"]
[TimeControl "180+2"]
[Date "2023.03.07"]
[WhiteClock "0:00:13"]
[BlackClock "0:00:26"]

1. e4 e5 2. Nf3 Nc6 3. d4 exd4 4. Nxd4 Nf6 5. Nxc6 bxc6 6. e5 Qe7 7. Qe2 Nd5 8. h4 d6 9. exd6 cxd6 10. Qxe7+ Bxe7 11. c3 O-O 12. Be2 Re8 13. Kf1 Rb8 14. Nd2 Nf4 15. Bf3 Bd7 16. Nb3 Nd3 17. g3 c5 18. Be2 Nxc1 19. Rxc1 Be6 20. Bd1 Bf6 21. h5 h6 22. g4 Bg5 23. Ra1 Bc4+ 24. Kg2 Bd5+ 25. Bf3 Bxb3 26. axb3 Rxb3 27. Rxa7 Rxb2 28. Bd5 Ree2 29. Rxf7 Kh7 30. Rf1 Bf6 31. Kf3 Bxc3 32. Be4+ Rxe4 33. Kxe4 Bf6 34. f4 Rb4+ 35. Kd5 Rd4+ 36. Ke6 c4 37. Kf5 c3 38. g5 hxg5 39. fxg5 Rd5+ 40. Ke4 Rxg5 41. Rh1 Kh6 42. Kd3 d5 43. Rf8 d4 44. Rh8# 1-0


[Site "https://www.chess.com"]

[Event "Titled Tuesday Blitz March 07 Late 2023"]
[White "Desideri, Ricardo Maruchi"]
[Black "Comas Fabrego, Lluis"]
[WhiteFideId "2110440"]
[BlackFideId "2200325"]
[WhiteElo "1945"]
[BlackElo "2523"]
[Result "1-0"]
[Round "04"]
[TimeControl "180+2"]
[Date "2023.03.07"]
[WhiteClock "0:00:18"]
[BlackClock "0:00:01"]

1. e4 c5 2. Nf3 d6 3. d4 cxd4 4. Nxd4 Nf6 5. Nc3 g6 6. Rg1 Bg7 7. g4 O-O 8. g5 Nfd7 9. Be3 Nc6 10. f4 Qa5 11. Qd2 e5 12. Nb3 Qc7 13. Nd5 Qd8 14. f5 Re8 15. f6 Bf8 16. h4 Nb6 17. Bxb6 axb6 18. h5 Be6 19. hxg6 fxg6 20. Bc4 Bf7 21. Rh1 Na5 22. Qh2 h5 23. Nxa5 Rxa5 24. Rf1 Rc5 25. Ne7+ Bxe7 26. Bxf7+ Kxf7 27. fxe7+ Kxe7 28. O-O-O Rf8 29. Qh3 Rc8 30. Rxf8 Kxf8 31. Qe6 Kg7 32. Rxd6 1-0


[Site "https://www.chess.com"]

[Event "Titled Tuesday Blitz March 07 Late 2023"]
[White "Vargas, Mauricio"]
[Black "Antonova, Nadezhda"]
[WhiteFideId "4404572"]
[BlackFideId "14700182"]
[WhiteElo "2025"]
[BlackElo "1885"]
[Result "0-1"]
[Round "04"]
[TimeControl "180+2"]
[Date "2023.03.07"]
[WhiteClock "0:00:05"]
[BlackClock "0:01:20"]

1. e4 c6 2. f4 d5 3. e5 Bf5 4. Nf3 e6 5. h3 h5 6. d3 h4 7. Be2 Ne7 8. Nh2 Ng6 9. Ng4 Be7 10. d4 O-O 11. O-O c5 12. c3 Nc6 13. Be3 cxd4 14. cxd4 Qb6 15. b3 Rac8 16. Nc3 Nb4 17. Na4 Qd8 18. Rc1 Nxa2 19. Nc5 b6 20. Nd3 Nxc1 21. Bxc1 Qc7 22. Bd2 a5 23. b4 Qc4 24. Nc5 Qxd4+ 25. Be3 Qxb4 26. Nd7 Bc5 27. Bxc5 bxc5 28. Nxf8 Rxf8 29. Nf6+ gxf6 30. exf6 Qd4+ 31. Kh1 Qxf6 0-1


[Site "https://www.chess.com"]

[Event "Titled Tuesday Blitz March 07 Late 2023"]
[White "Vazquez, Guillermo"]
[Black "Carlsen, Magnus"]
[WhiteFideId "3702308"]
[BlackFideId "1503014"]
[WhiteElo "2543"]
[BlackElo "2852"]
[Result "0-1"]
[Round "05"]
[TimeControl "180+2"]
[Date "2023.03.07"]
[WhiteClock "0:00:06"]
[BlackClock "0:01:12"]

1. b3 b5 2. e4 Bb7 3. Bxb5 Bxe4 4. Nf3 c6 5. Be2 e6 6. O-O Bxf3 7. Bxf3 g6 8. d4 Bg7 9. c3 Ne7 10. Nd2 d5 11. Re1 O-O 12. b4 a5 13. Nb3 axb4 14. cxb4 Nf5 15. Bg4 Nd6 16. Be2 Nd7 17. a3 Nb6 18. Bf1 Nbc4 19. Ra2 Nb5 20. Qd3 Nbxa3 21. Bxa3 Rxa3 22. Rxa3 Nxa3 23. Na5 Nc4 24. Nxc4 dxc4 25. Qxc4 Qxd4 26. Qxc6 Qxb4 27. Rd1 Qb2 28. Qe4 Rb8 29. g3 Bf6 30. h4 Kg7 31. Qe2 Qc3 32. Rd3 Qc5 33. Kg2 Rb2 34. Rd2 Qc6+ 35. Kg1 Rb1 36. Rd1 Rb4 37. Bg2 Qc5 38. Bf3 Bd4 39. Kg2 e5 40. Qd2 Rb2 0-1


[Site "https://www.chess.com"]

[Event "Titled Tuesday Blitz March 07 Late 2023"]
[White "Keymer, Vincent"]
[Black "Duda, Jan-Krzysztof"]
[WhiteFideId "12940690"]
[BlackFideId "1170546"]
[WhiteElo "2651"]
[BlackElo "2790"]
[Result "1-0"]
[Round "05"]
[TimeControl "180+2"]
[Date "2023.03.07"]
[WhiteClock "0:00:04"]
[BlackClock "0:00:01"]

1. Nf3 Nf6 2. c4 g6 3. g3 Bg7 4. Bg2 c6 5. b3 Ne4 6. d4 d5 7. O-O O-O 8. Bb2 Bf5 9. e3 a5 10. Nh4 Be6 11. Na3 Na6 12. Nf3 f6 13. Nd2 Nxd2 14. Qxd2 Bf7 15. cxd5 cxd5 16. Nb5 Nc7 17. Nc3 b5 18. Rfc1 Qd7 19. Rc2 Rfc8 20. Rac1 Bh6 21. Qe2 Kg7 22. Bf1 Be8 23. Qf3 Qd8 24. h4 e6 25. Re1 Na6 26. Qd1 Nb4 27. Rce2 Rab8 28. e4 Bf7 29. a3 Nc6 30. Bh3 b4 31. Na4 Rc7 32. Nc5 f5 33. exd5 exd5 34. axb4 axb4 35. Na6 Ra8 36. Nxc7 Qxc7 37. Bc1 Bxc1 38. Qxc1 Qd6 39. Qb2 Ra3 40. Rc2 Na5 41. Qc1 Nxb3 42. Qd1 Ra1 43. Qe2 Nxd4 44. Rxa1 Nxe2+ 45. Rxe2 d4 46. Ra7 d3 47. Ree7 d2 48. Rxf7+ Kg8 49. Rg7+ Kf8 50. Rgf7+ Ke8 51. Rxh7 d1=Q+ 52. Bf1 Qxf1+ 53. Kxf1 Qd3+ 54. Kg1 Qd5 55. Rh8+ 1-0


[Site "https://www.chess.com"]

[Event "Titled Tuesday Blitz March 07 Late 2023"]
[White "Fedoseev, Vladimir"]
[Black "Ibarra Jerez, Jose Carlos"]
[WhiteFideId "24130737"]
[BlackFideId "2226332"]
[WhiteElo "2752"]
[BlackElo "2638"]
[Result "1-0"]
[Round "05"]
[TimeControl "180+2"]
[Date "2023.03.07"]
[WhiteClock "0:00:11"]
[BlackClock "0:00:02"]

1. e4 c5 2. Nf3 Nc6 3. Bb5 e6 4. Bxc6 bxc6 5. b3 e5 6. Nxe5 Qe7 7. d4 f6 8. Nf3 Qxe4+ 9. Kd2 Qf4+ 10. Kc3 cxd4+ 11. Kb2 Qg4 12. Re1+ Ne7 13. g3 c5 14. Bf4 Bb7 15. Nbd2 O-O-O 16. h3 Qxh3 17. Nc4 Nd5 18. Bd6 Nb6 19. Nfd2 Bd5 20. Bxf8 Rhxf8 21. Nd6+ Kc7 22. N2e4 Bxe4 23. Nxe4 Qf5 24. Qd3 d6 25. a4 Qd7 26. c3 Qc6 27. a5 Nd5 28. cxd4 Nb4 29. Qc3 Kb8 30. dxc5 dxc5 31. Re2 Rd3 32. Qxc5 Qxc5 33. Nxc5 Rd5 34. Ka3 Rxc5 35. Kxb4 Rc7 36. Rae1 Rfc8 37. Re7 Kb7 38. R1e6 h5 39. a6+ Kb8 40. Rxc7 Kxc7 41. Re7+ Kb6 42. Rxg7 Kxa6 43. Rg6 Rc6 44. Rh6 Rb6+ 45. Kc4 Rc6+ 46. Kd5 Rb6 47. Kc4 Rc6+ 48. Kd3 Kb5 49. Rxh5+ Kb4 50. Rh7 Kxb3 51. Rxa7 Rd6+ 52. Ke4 Kc2 53. f4 Kd2 54. g4 Ke2 55. Ra2+ Kf1 56. Kf5 Rb6 57. Rd2 Ke1 58. Rh2 Kf1 59. Rh6 Kg2 60. Rxf6 Rb5+ 61. Kg6 Kg3 62. g5 Kg4 63. Kh6 Rb8 64. g6 Rh8+ 65. Kg7 Rb8 66. Kh7 Rb6 67. Rxb6 1-0


[Site "https://www.chess.com"]

[Event "Titled Tuesday Blitz March 07 Late 2023"]
[White "Bortnyk, Mykola"]
[Black "Pakleza, Zbigniew"]
[WhiteFideId "14120836"]
[BlackFideId "1119290"]
[WhiteElo "2582"]
[BlackElo "2410"]
[Result "1-0"]
[Round "05"]
[TimeControl "180+2"]
[Date "2023.03.07"]
[WhiteClock "0:00:58"]
[BlackClock "0:00:02"]

1. e4 d6 2. d4 Nf6 3. Nc3 c6 4. h3 b5 5. a3 e5 6. Nge2 Nbd7 7. g4 Bb7 8. Bg2 a5 9. g5 Ng8 10. f4 b4 11. Na4 Ne7 12. dxe5 dxe5 13. f5 Nc8 14. Be3 Qc7 15. O-O Ncb6 16. Nxb6 Nxb6 17. axb4 axb4 18. Rxa8+ Bxa8 19. Qa1 c5 20. Qa5 Bd6 21. Rd1 O-O 22. Rxd6 Qxd6 23. Bxc5 Qd1+ 24. Kf2 Nc4 25. Qxb4 Qxc2 26. Bxf8 Bxe4 27. Qb8 h6 28. gxh6 Bxf5 29. Bxg7+ Kh7 30. Qh8+ Kg6 31. Bxe5 Nxe5 32. Qxe5 f6 33. Qf4 1-0


[Site "https://www.chess.com"]

[Event "Titled Tuesday Blitz March 07 Late 2023"]
[White "Martinez Alcantara, Jose Eduardo"]
[Black "Yoo, Christopher Woojin"]
[WhiteFideId "3805662"]
[BlackFideId "30909694"]
[WhiteElo "2712"]
[BlackElo "2519"]
[Result "1-0"]
[Round "05"]
[TimeControl "180+2"]
[Date "2023.03.07"]
[WhiteClock "0:00:31"]
[BlackClock "0:00:02"]

1. e4 c5 2. Nf3 d6 3. c3 Nf6 4. h3 g6 5. Bd3 Bg7 6. Bc2 O-O 7. O-O Nc6 8. d4 cxd4 9. cxd4 e5 10. d5 Nb4 11. Nc3 Nxc2 12. Qxc2 Bd7 13. a4 Rc8 14. Qb3 Qc7 15. Be3 b6 16. Rfc1 Nh5 17. Nb5 Qb8 18. Qb4 Rxc1+ 19. Rxc1 Bxb5 20. axb5 Nf4 21. Rc6 Rd8 22. g3 Nd3 23. Qc4 Nc5 24. b4 Nd7 25. Qc2 Rf8 26. Nd2 f5 27. Bg5 Bf6 28. Bxf6 Nxf6 29. exf5 gxf5 30. Qxf5 Kg7 31. Qe6 Re8 32. Qxd6 Qxd6 33. Rxd6 Rc8 34. Rc6 Rd8 35. d6 Kf7 36. Nf3 Nd7 37. Rc7 Ke6 38. Rxa7 Kxd6 39. Ng5 Rc8 40. Nxh7 Rc4 41. h4 Rxb4 42. h5 Rxb5 43. h6 e4 44. Rxd7+ Kxd7 45. Nf6+ Ke6 46. h7 e3 47. h8=Q exf2+ 48. Kxf2 Rf5+ 49. Kg2 Rxf6 50. Qd8 Kf5 51. g4+ Kg5 52. Kg3 b5 53. Qe7 Kg6 54. Qe8+ Kg7 55. Qxb5 Rg6 56. g5 Re6 57. Kf4 Re7 58. Kg4 Rf7 59. Kh5 Re7 60. Qb2+ Kg8 61. Qf6 Rh7+ 62. Kg4 Rh1 63. Qe6+ Kg7 64. Qe5+ Kg8 65. Qd5+ 1-0


[Site "https://www.chess.com"]

[Event "Titled Tuesday Blitz March 07 Late 2023"]
[White "Sjugirov, Sanan"]
[Black "Kosakowski, Jakub"]
[WhiteFideId "4189302"]
[BlackFideId "1185080"]
[WhiteElo "2569"]
[BlackElo "2488"]
[Result "1/2-1/2"]
[Round "05"]
[TimeControl "180+2"]
[Date "2023.03.07"]
[WhiteClock "0:00:03"]
[BlackClock "0:00:36"]

1. e4 c6 2. d4 d5 3. e5 Bf5 4. Nf3 e6 5. Be2 Ne7 6. c3 h6 7. O-O Bh7 8. a4 Ng6 9. a5 Be7 10. Re1 O-O 11. Bd3 Nd7 12. Nbd2 Qc7 13. Nf1 Rae8 14. Ng3 c5 15. dxc5 Nxc5 16. Bc2 f6 17. exf6 Bxf6 18. Be3 Kh8 19. Nh5 Nh4 20. Nxh4 Bxc2 21. Qxc2 Bxh4 22. g3 Bd8 23. Nf4 Rf7 24. Bxc5 Qxc5 25. Nxe6 Qd6 26. Nf4 Qd7 27. Rxe8+ Qxe8 28. Nxd5 Qe5 29. Nf4 Rxf4 30. gxf4 Qxf4 31. Qd3 Bc7 32. Qh3 Qg5+ 33. Qg2 Qe5 34. Rd1 Qe2 35. Ra1 Qxb2 36. Rf1 Qxc3 37. Qxb7 Qxa5 38. Qa8+ Kh7 39. Qe4+ Kh8 40. Qa8+ Kh7 41. Qe4+ Kh8 42. Rd1 Qg5+ 43. Kh1 Qh5 44. Qa8+ Kh7 45. Qe4+ Kh8 46. Qa8+ Kh7 47. Qe4+ Kh8 1/2-1/2


[Site "https://www.chess.com"]

[Event "Titled Tuesday Blitz March 07 Late 2023"]
[White "Albornoz Cabrera, Carlos Daniel"]
[Black "Kamsky, Gata"]
[WhiteFideId "3518736"]
[BlackFideId "2000024"]
[WhiteElo "2501"]
[BlackElo "2666"]
[Result "1/2-1/2"]
[Round "05"]
[TimeControl "180+2"]
[Date "2023.03.07"]
[WhiteClock "0:00:12"]
[BlackClock "0:00:15"]

1. Nf3 Nf6 2. c4 g6 3. Nc3 Bg7 4. e4 d6 5. d4 O-O 6. Be2 e5 7. O-O Nbd7 8. Be3 c6 9. Qc2 a6 10. Rad1 Qc7 11. h3 Re8 12. b4 a5 13. a3 axb4 14. axb4 exd4 15. Nxd4 Ne5 16. f4 Ned7 17. Ndb5 cxb5 18. Nxb5 Qc6 19. Bf3 Qa6 20. Nxd6 Qa3 21. Rd3 Qxb4 22. Nxe8 Nxe8 23. e5 Nc7 24. Rb1 Qa5 25. Bxb7 Bxb7 26. Rxd7 Bc6 27. Bb6 Qxb6+ 28. Rxb6 Bxd7 29. Qe4 Rc8 30. Rb7 Be6 31. Kh2 Bf8 32. g4 Na6 33. f5 Nc5 34. Qf3 Nxb7 35. fxe6 Rc7 36. exf7+ Rxf7 37. Qd5 Kg7 38. Kg3 Rc7 39. h4 Be7 40. h5 Nd8 41. e6 Rc6 42. Qe5+ Kg8 43. h6 Nxe6 44. Qd5 Rd6 45. Qa8+ Bf8 46. Qa2 Nc5 47. Qa5 Rd4 48. Qc7 Rd7 49. Qc6 Rf7 50. g5 Nd3 51. Qd5 Nc5 52. Kg4 Be7 53. Kh4 Bf8 54. Kg4 Be7 55. Kh4 Bf8 56. Kg4 1/2-1/2


[Site "https://www.chess.com"]

[Event "Titled Tuesday Blitz March 07 Late 2023"]
[White "Vachier-Lagrave, Maxime"]
[Black "Zhigalko, Sergei"]
[WhiteFideId "623539"]
[BlackFideId "13502956"]
[WhiteElo "2740"]
[BlackElo "2626"]
[Result "1-0"]
[Round "05"]
[TimeControl "180+2"]
[Date "2023.03.07"]
[WhiteClock "0:00:33"]
[BlackClock "0:00:02"]

1. e4 c5 2. Nf3 Nc6 3. Bb5 Nf6 4. Nc3 Qc7 5. O-O Nd4 6. Ba4 e6 7. Re1 Ng4 8. e5 Nxf3+ 9. Qxf3 Nxe5 10. Qg3 f6 11. d3 a6 12. f4 Nc6 13. Nd5 Qa5 14. Bb3 Nd4 15. Be3 Nf5 16. Qh3 Nxe3 17. Nxe3 c4 18. Nxc4 Qc5+ 19. Kh1 Be7 20. f5 e5 21. d4 Qxd4 22. Rad1 Qc5 23. Qh5+ Kd8 24. Qf7 b5 25. Ne3 Bb7 26. Bd5 Ra7 27. Qxg7 Rf8 28. c3 Bc8 29. Qxh7 b4 30. c4 a5 31. Be4 a4 32. Rd5 Qb6 33. Rd3 b3 34. a3 Qc5 35. Qh4 Ba6 36. Bd5 Rc7 37. Qe4 Qb6 38. Red1 Kc8 39. Be6 dxe6 40. Qa8+ Qb8 41. Qxa6+ Qb7 42. Qxe6+ Kb8 43. Nd5 Rg8 44. Qxg8+ 1-0


[Site "https://www.chess.com"]